TOP OF THE 1ST |
Balzac Rams batting - Pitching for Red Deer Wranglers : RHP Michael Walton
|
Pitching: RHP Michael Walton
|
|
Batting: RHB Jason Ward
|
0-0: Called Strike 0-1: Foul Ball, location: 2F 0-2: Ball 1-2: Ball 2-2: Strikes out swinging
|
Batting: RHB Lorenzo Silva
|
0-0: Called Strike 0-1: Ball 1-1: Called Strike 1-2: Strikes out swinging
|
Batting: RHB Gunner Allen
|
0-0: Ball 1-0: Called Strike 1-1: Foul Ball, location: 2F 1-2: Strikes out looking
|
Top of the 1st over - 0 run(s), 0 hit(s), 0 error(s), 0 left on base; Balzac 0 - Red Deer 0 |
BOTTOM OF THE 1ST |
Red Deer Wranglers batting - Pitching for Balzac Rams : RHP John Wells
|
Pitching: RHP John Wells
|
|
Batting: RHB Xavier López
|
0-0: Ball 1-0: Foul Ball, location: 2F 1-1: Ball 2-1: DOUBLE (Groundball, 5L)
|
Batting: LHB Jorge Olvera
|
0-0: Called Strike 0-1: Ball 1-1: Called Strike 1-2: Ball 2-2: Ball 3-2: Base on Balls
|
Batting: RHB Allen Brown
|
0-0: Ball 1-0: Called Strike 1-1: SINGLE (Groundball, 3D) Xavier López to third Jorge Olvera to second Runner from 3rd tries for Home, SAFE, no throw
|
Batting: LHB Andrew Veeck
|
0-0: SINGLE (Line Drive, 8LS) Jorge Olvera to third Allen Brown to second Runner from 3rd tries for Home, SAFE, throw made home Allen Brown to third Andrew Veeck to second
|
Batting: LHB Alejandro Rojas
|
0-0: Foul Ball, location: 2F 0-1: Ground out U3 (Groundball, 34S) Allen Brown scores Andrew Veeck to third
|
Batting: RHB Ben Fisher
|
0-0: Called Strike 0-1: Called Strike 0-2: Ball 1-2: Foul Ball, location: 2F 1-2: Ball 2-2: Ground out 1-3 (Groundball, 15S)
|
Batting: SHB Robbie Rhodes
|
0-0: Swinging Strike 0-1: Called Strike 0-2: Foul Ball, location: 2F 0-2: Ball 1-2: Ground out 5-3 (Groundball, 56)
|
Bottom of the 1st over - 3 run(s), 3 hit(s), 0 error(s), 1 left on base; Balzac 0 - Red Deer 3 |
TOP OF THE 2ND |
Balzac Rams batting - Pitching for Red Deer Wranglers : RHP Michael Walton
|
Batting: RHB Brian Parks
|
0-0: Ball 1-0: Ball 2-0: Foul Ball, location: 2F 2-1: Ground out U3 (Groundball, 34)
|
Batting: LHB Carlos Romero
|
0-0: Called Strike 0-1: Ball 1-1: Fly out, F9 (Flyball, 9LM)
|
Batting: RHB Félix Quintero
|
0-0: Called Strike 0-1: Ball 1-1: Ball 2-1: Ball 3-1: Foul Ball, location: 2F 3-2: Base on Balls
|
Batting: RHB Santiago Rivera
|
0-0: Ball 1-0: Called Strike 1-1: Ball 2-1: Foul Ball, location: 2F 2-2: Fly out, F8 (Flyball, 78M)
|
Top of the 2nd over - 0 run(s), 0 hit(s), 0 error(s), 1 left on base; Balzac 0 - Red Deer 3 |
BOTTOM OF THE 2ND |
Red Deer Wranglers batting - Pitching for Balzac Rams : RHP John Wells
|
Batting: LHB Héctor Santos
|
0-0: DOUBLE (Flyball, 89D)
|
Batting: RHB Steve Burton
|
0-0: Ball 1-0: Foul Ball, location: 2F 1-1: Fly out, F4 (Popup, 4D)
|
Batting: RHB Xavier López
|
0-0: Foul Ball, location: 2F 0-1: Ball 1-1: Ball 2-1: Foul Ball, location: 2F 2-2: Strikes out swinging
|
Batting: LHB Jorge Olvera
|
0-0: Ball 1-0: Called Strike 1-1: Ball 2-1: Fly out, F9 (Flyball, 89S)
|
Bottom of the 2nd over - 0 run(s), 1 hit(s), 0 error(s), 1 left on base; Balzac 0 - Red Deer 3 |
TOP OF THE 3RD |
Balzac Rams batting - Pitching for Red Deer Wranglers : RHP Michael Walton
|
Batting: LHB Troy Jackson
|
0-0: Bunted foul 0-1: Ball 1-1: TRIPLE (Line Drive, 9)
|
Batting: RHB Bill Pike
|
0-0: Foul Ball, location: 2F 0-1: Foul Ball, location: 2F 0-2: SINGLE (Groundball, 6MD) Troy Jackson scores
|
Batting: RHB Jason Ward
|
0-0: Called Strike 0-1: Ball 1-1: Swinging Strike 1-2: Ball 2-2: Strikes out swinging
|
Batting: RHB Lorenzo Silva
|
0-0: Ball 1-0: Called Strike 1-1: Ball 2-1: SINGLE (Line Drive, 7LS) Bill Pike to second
|
Batting: RHB Gunner Allen
|
0-0: Ball 1-0: Swinging Strike 1-1: Foul Ball, location: 2F 1-2: Grounds into double play, 6-4-3 (Groundball, 6)
|
Top of the 3rd over - 1 run(s), 3 hit(s), 0 error(s), 1 left on base; Balzac 1 - Red Deer 3 |
BOTTOM OF THE 3RD |
Red Deer Wranglers batting - Pitching for Balzac Rams : RHP John Wells
|
Batting: RHB Allen Brown
|
0-0: Called Strike 0-1: Ball 1-1: Ground out 5-3 (Groundball, 5)
|
Batting: LHB Andrew Veeck
|
0-0: Ball 1-0: Ball 2-0: SINGLE (Line Drive, 6D)
|
Batting: LHB Alejandro Rojas
|
0-0: Ball 1-0: Swinging Strike 1-1: Ground out 4-3 (Groundball, 4S) Andrew Veeck to second
|
Batting: RHB Ben Fisher
|
0-0: Called Strike 0-1: Reached on error, E9 (Flyball, 9S) Andrew Veeck scores
|
Batting: SHB Robbie Rhodes
|
0-0: Ball 1-0: Ball 2-0: Called Strike 2-1: Foul Ball, location: 2F 2-2: Ball 3-2: Strikes out swinging
|
Bottom of the 3rd over - 1 run(s), 1 hit(s), 1 error(s), 1 left on base; Balzac 1 - Red Deer 4 |
TOP OF THE 4TH |
Balzac Rams batting - Pitching for Red Deer Wranglers : RHP Michael Walton
|
Batting: RHB Brian Parks
|
0-0: Fly out, F8 (Flyball, 8LM)
|
Batting: LHB Carlos Romero
|
0-0: Called Strike 0-1: Called Strike 0-2: Foul Ball, location: 2F 0-2: Strikes out swinging
|
Batting: RHB Félix Quintero
|
0-0: Ball 1-0: Fly out, F9 (Line Drive, 9)
|
Top of the 4th over - 0 run(s), 0 hit(s), 0 error(s), 0 left on base; Balzac 1 - Red Deer 4 |
BOTTOM OF THE 4TH |
Red Deer Wranglers batting - Pitching for Balzac Rams : RHP John Wells
|
Batting: LHB Héctor Santos
|
0-0: Ground out U3 (Groundball, 3)
|
Batting: RHB Steve Burton
|
0-0: Swinging Strike 0-1: Foul Ball, location: 2F 0-2: Ball 1-2: Foul Ball, location: 2F 1-2: Strikes out swinging
|
Batting: RHB Xavier López
|
0-0: Ground out 4-3 (Groundball, 34)
|
Bottom of the 4th over - 0 run(s), 0 hit(s), 0 error(s), 0 left on base; Balzac 1 - Red Deer 4 |
TOP OF THE 5TH |
Balzac Rams batting - Pitching for Red Deer Wranglers : RHP Michael Walton
|
Batting: RHB Santiago Rivera
|
0-0: Ground out 5-3 (Groundball, 56)
|
Batting: LHB Troy Jackson
|
0-0: Called Strike 0-1: Swinging Strike 0-2: Strikes out swinging
|
Batting: RHB Bill Pike
|
0-0: Ball 1-0: Ball 2-0: Ground out 5-3 (Groundball, 56)
|
Top of the 5th over - 0 run(s), 0 hit(s), 0 error(s), 0 left on base; Balzac 1 - Red Deer 4 |
BOTTOM OF THE 5TH |
Red Deer Wranglers batting - Pitching for Balzac Rams : RHP John Wells
|
Batting: LHB Jorge Olvera
|
0-0: Ball 1-0: Called Strike 1-1: Swinging Strike 1-2: Strikes out looking
|
Batting: RHB Allen Brown
|
0-0: Ball 1-0: Ground out 5-3 (Groundball, 5)
|
Batting: LHB Andrew Veeck
|
0-0: Ball 1-0: Ground out 3-1 (Groundball, 3D)
|
Bottom of the 5th over - 0 run(s), 0 hit(s), 0 error(s), 0 left on base; Balzac 1 - Red Deer 4 |
TOP OF THE 6TH |
Balzac Rams batting - Pitching for Red Deer Wranglers : RHP Michael Walton
|
Batting: RHB Jason Ward
|
0-0: Foul Ball, location: 2F 0-1: Swinging Strike 0-2: Ball 1-2: Ball 2-2: Foul Ball, location: 2F 2-2: Ball 3-2: Foul Ball, location: 2F 3-2: Foul Ball, location: 2F 3-2: Foul Ball, location: 2F 3-2: Strikes out looking
|
Batting: RHB Lorenzo Silva
|
0-0: Ball 1-0: Fly out, F8 (Flyball, 8LM)
|
Batting: RHB Gunner Allen
|
0-0: Ball 1-0: Fly out, F2 (Popup, 3S)
|
Top of the 6th over - 0 run(s), 0 hit(s), 0 error(s), 0 left on base; Balzac 1 - Red Deer 4 |
BOTTOM OF THE 6TH |
Red Deer Wranglers batting - Pitching for Balzac Rams : RHP John Wells
|
Batting: LHB Alejandro Rojas
|
0-0: Foul Ball, location: 2F 0-1: Called Strike 0-2: Ball 1-2: Ball 2-2: Strikes out swinging
|
Batting: RHB Ben Fisher
|
0-0: Ball 1-0: Ball 2-0: Ball 3-0: Called Strike 3-1: Ground out 6-3 (Groundball, 6)
|
Batting: SHB Robbie Rhodes
|
0-0: Ball 1-0: Hit by Pitch
|
Batting: LHB Héctor Santos
|
0-0: Called Strike 0-1: Ball 1-1: Ball 2-1: SINGLE (Groundball, 4MD) Robbie Rhodes to second
|
Pitching: RHP John Harris
|
|
Batting: RHB Steve Burton
|
0-0: Fly out, F9 (Flyball, 89D)
|
Bottom of the 6th over - 0 run(s), 1 hit(s), 0 error(s), 2 left on base; Balzac 1 - Red Deer 4 |
TOP OF THE 7TH |
Balzac Rams batting - Pitching for Red Deer Wranglers : RHP Michael Walton
|
Batting: RHB Brian Parks
|
0-0: Ball 1-0: Foul Ball, location: 2F 1-1: Ground out 1-3 (Groundball, P)
|
Batting: LHB Carlos Romero
|
0-0: Called Strike 0-1: Fly out, F8 (Line Drive, 78D)
|
Batting: RHB Félix Quintero
|
0-0: Ball 1-0: Called Strike 1-1: Swinging Strike 1-2: Ball 2-2: Strikes out swinging
|
Top of the 7th over - 0 run(s), 0 hit(s), 0 error(s), 0 left on base; Balzac 1 - Red Deer 4 |
BOTTOM OF THE 7TH |
Red Deer Wranglers batting - Pitching for Balzac Rams : RHP John Harris
|
Batting: RHB Xavier López
|
0-0: Ball 1-0: SINGLE (Groundball, 34D)
|
Batting: LHB Jorge Olvera
|
0-0: Ball 1-0: Ball 2-0: Sac Bunt - play at first, batter OUT! 1-3 Xavier López to second
|
Batting: RHB Allen Brown
|
0-0: DOUBLE (Line Drive, 8RM) Xavier López scores
|
Batting: LHB Andrew Veeck
|
0-0: Ball 1-0: Ball 2-0: Called Strike 2-1: Fly out, F7 (Flyball, 7LS)
|
Batting: LHB Alejandro Rojas
|
0-0: Ball 1-0: Foul Ball, location: 2F 1-1: Foul Ball, location: 2F 1-2: SINGLE (Line Drive, 6MD) Allen Brown to third Runner from 3rd tries for Home, SAFE, no throw
|
Batting: RHB Ben Fisher
|
0-0: Called Strike Throwing error on steal attempt, E2 Alejandro Rojas to third 0-1: Ball 1-1: Foul Ball, location: 2F 1-2: Foul Ball, location: 2F 1-2: Strikes out swinging
|
Bottom of the 7th over - 2 run(s), 3 hit(s), 1 error(s), 1 left on base; Balzac 1 - Red Deer 6 |
TOP OF THE 8TH |
Balzac Rams batting - Pitching for Red Deer Wranglers : RHP Michael Walton
|
Batting: RHB Santiago Rivera
|
0-0: Called Strike 0-1: Ball 1-1: Swinging Strike 1-2: Foul Ball, location: 2F 1-2: Ball 2-2: Strikes out swinging
|
Batting: LHB Troy Jackson
|
0-0: Called Strike 0-1: Foul Ball, location: 2F 0-2: Ball 1-2: Foul Ball, location: 2F 1-2: SINGLE (Groundball, 56D)
|
Pitching: RHP Jeffery Lockhart
|
|
Batting: RHB Bill Pike
|
0-0: Called Strike 0-1: Ball 1-1: Foul Ball, location: 2F 1-2: Ball 2-2: Strikes out swinging
|
Batting: RHB Jason Ward
|
0-0: Called Strike 0-1: Ball 1-1: Called Strike 1-2: Ball 2-2: Ball 3-2: SINGLE (Groundball, 56S) (infield hit) Troy Jackson to second
|
Batting: RHB Lorenzo Silva
|
0-0: Called Strike 0-1: SINGLE (Line Drive, 8LS) Troy Jackson to third Jason Ward to second Runner from 3rd tries for Home, SAFE, no throw
|
Pitching: RHP Alejandro Arriaza
|
|
Batting: RHB Gunner Allen
|
0-0: Ball 1-0: SINGLE (Groundball, 6D) Jason Ward to third Lorenzo Silva to second Runner from 3rd tries for Home, SAFE, no throw
|
Batting: RHB Brian Parks
|
0-0: SINGLE (Groundball, 6MD) Lorenzo Silva to third Gunner Allen to second Runner from 3rd tries for Home, throw and OUT!
|
Top of the 8th over - 2 run(s), 5 hit(s), 0 error(s), 2 left on base; Balzac 3 - Red Deer 6 |
BOTTOM OF THE 8TH |
Red Deer Wranglers batting - Pitching for Balzac Rams : RHP John Harris
|
Batting: SHB Robbie Rhodes
|
0-0: Called Strike 0-1: Ball 1-1: Ball 2-1: Fly out, F8 (Flyball, 8RM)
|
Batting: LHB Héctor Santos
|
0-0: Called Strike 0-1: Called Strike 0-2: Ball 1-2: Strikes out swinging
|
Batting: RHB Steve Burton
|
0-0: Fly out, F9 (Flyball, 9LS)
|
Bottom of the 8th over - 0 run(s), 0 hit(s), 0 error(s), 0 left on base; Balzac 3 - Red Deer 6 |
TOP OF THE 9TH |
Balzac Rams batting - Pitching for Red Deer Wranglers : RHP Alejandro Arriaza
|
Pitching: RHP Alex Phillips
|
|
Batting: LHB Carlos Romero
|
0-0: Foul Ball, location: 2F 0-1: Ball 1-1: Ball 2-1: Fly out, F7 (Flyball, 7)
|
Batting: RHB Félix Quintero
|
0-0: Called Strike 0-1: Ball 1-1: SINGLE (Line Drive, 78M)
|
Batting: RHB Santiago Rivera
|
0-0: Ball 1-0: SINGLE (Line Drive, 78S) Félix Quintero to second
|
Pinch Hitting: RHB Ken Longoria
|
0-0: Ball 1-0: Called Strike 1-1: Ball 2-1: Foul Ball, location: 2F 2-2: Ball 3-2: Foul Ball, location: 2F 3-2: SINGLE (Line Drive, 4MD) Félix Quintero to third Santiago Rivera to second
|
Pinch Hitting: RHB Ricardo Muñóz
|
0-0: Ball 1-0: Swinging Strike 1-1: Ball 2-1: Ball 3-1: Base on Balls Félix Quintero scores Santiago Rivera to third Ken Longoria to second
|
Batting: RHB Jason Ward
|
0-0: Foul Ball, location: 2F 0-1: Ball 1-1: Called Strike 1-2: Strikes out swinging
|
Batting: RHB Lorenzo Silva
|
0-0: Called Strike 0-1: Foul Ball, location: 2F 0-2: Strikes out swinging
|
Top of the 9th over - 1 run(s), 3 hit(s), 0 error(s), 3 left on base; Balzac 4 - Red Deer 6 |
|